 Dungeon Crawl Stone Soup version 0.29.0-15-g675c0067aa (webtiles) character file.

Game seed: 7617220619507097640

12292 Gwenloh the Merchant of Misery (level 11, -3/56 HPs)
             Began as a Vine Stalker Necromancer on Sept 7, 2022.
             Was a Believer of Kikubaaqudgha.
             Slain by an eight-headed hydra (10 damage)
             ... on level 1 of the Lair of Beasts on Sept 12, 2022.
             The game lasted 01:13:51 (11662 turns).

Gwenloh the Merchant of Misery (VSNe)              Turns: 11662, Time: 01:13:52

Health: -3/56      AC:  7    Str: 12    XL:     11   Next: 91%
Magic:  0/25       EV: 15    Int: 19    God:    Kikubaaqudgha [**....]
Gold:   560        SH:  0    Dex: 14    Spells: 8/29 levels left

rFire   . . .      SeeInvis .   b - +6 whip of Vanity {elec, Will+ rCorr Stlth+}
rCold   . . .      Faith    .   (no shield)
rNeg    . . .      Spirit   +   H - +1 robe {Will+}
rPois   .          Reflect  .   q - +0 helmet
rElec   .          Harm     .   (no cloak)
rCorr   +          Rampage  .   p - +0 pair of gloves
Will    +++..                   M - +1 pair of boots
Stlth   +++++.....              (no amulet)
HPRegen 0.98/turn               (no ring)
MPRegen 0.19/turn               (no ring)

@: no status effects
A: fangs 3, regeneration 1, magic shield, antimagic bite, no potion heal 2
a: Renounce Religion, Unearth Wretches


You were on level 1 of the Lair of Beasts.
You worshipped Kikubaaqudgha.
Kikubaaqudgha was pleased with you.
You visited 3 branches of the dungeon, and saw 12 of its levels.

You collected 560 gold pieces.

Inventory:

Hand Weapons
 a - a +2 vampiric dagger
 b - the +6 whip of Vanity (weapon) {elec, Will+ rCorr Stlth+}
   (You took it off an orc wizard on level 4 of the Dungeon)

   It occasionally discharges a powerful burst of electricity upon striking a
   foe.
   rCorr:     It protects you from acid and corrosion.
   Will:      It increases your willpower.
   Stlth:     It makes you more stealthy.
 g - a +1 vampiric short sword
Missiles
 h - 10 boomerangs (quivered)
Armour
 p - a +0 pair of gloves (worn)
 q - a +0 helmet (worn)
 r - a +0 leather armour
 H - a +1 robe of willpower (worn)
 M - a +1 pair of boots (worn)
Magical Staves
 e - a staff of air
Jewellery
 F - a ring of fire
 N - a +6 ring of strength
Wands
 f - a wand of flame (28)
 C - a wand of roots (10)
 D - a wand of charming (11)
 K - a wand of mindburst (18)
 L - a wand of acid (2)
Scrolls
 c - 3 scrolls of amnesia
 d - 4 scrolls of poison
 i - 6 scrolls of blinking
 j - a scroll of enchant weapon
 k - a scroll of identify
 m - a scroll of brand weapon
 n - a scroll of noise {unknown}
 u - 2 scrolls of magic mapping
 v - 2 scrolls of enchant armour
 w - 2 scrolls of silence
 E - 3 scrolls of fear
 G - 3 scrolls of fog {unknown}
 I - 3 scrolls of teleportation {unknown}
Potions
 l - a potion of mutation {unknown}
 o - a potion of resistance {unknown}
 s - 3 potions of haste {unknown}
 t - a potion of degeneration {unknown}
 x - 2 potions of lignification {unknown}
 y - 3 potions of magic
 z - 4 potions of curing {unknown}
 A - 4 potions of flight {unknown}
 B - a potion of ambrosia {unknown}
 J - 2 potions of brilliance {unknown}
 O - a potion of berserk rage {unknown}


   Skills:
 + Level 5.8 Fighting
 * Level 8.0 Dodging
 + Level 8.7 Stealth
 * Level 9.6 Spellcasting
 + Level 3.0 Hexes
 * Level 10.2 Necromancy


You had 8 spell levels left.
You knew the following spells:

 Your Spells              Type           Power      Damage    Failure   Level
a - Necrotise             Necr           100%       1d9       1%          1
b - Vampiric Draining     Necr           48%        2d9       1%          3
c - Dispel Undead         Necr           48%        3d18      1%          4
d - Agony                 Necr           48%        N/A       3%          5
e - Animate Dead          Necr           48%        N/A       1%          4
f - Anguish               Hex/Necr       17%        N/A       4%          4

Your spell library contained the following spells:

 Spells                   Type           Power      Damage    Failure   Level
 Sublimation of Blood     Necr           48%        N/A       1%          2
 Ensorcelled Hibernation  Hex/Ice        28%        N/A       6%          2
 Apportation              Tloc           18%        N/A       8%          1
 Freeze                   Ice            36%        1d6       8%          1
 Passwall                 Tmut/Erth      7%         N/A       12%         2
 Static Discharge         Conj/Air       9%         3-5/arc   12%         2
 Frozen Ramparts          Ice            18%        1d3       24%         3
 Ozocubu's Armour         Ice            9%         N/A       24%         3
 Swiftness                Air            9%         N/A       24%         3
 Hailstorm                Conj/Ice       9%         3d4       61%         4
 Sticky Flame             Conj/Fire      9%         2d3       61%         4
 Metabolic Englaciation   Hex/Ice        7%         N/A       75%         5
 Simulacrum               Ice/Necr       14%        N/A       82%         6
 Alistair's Intoxication  Tmut/Pois      6%         N/A       91%         5


Dungeon Overview and Level Annotations

Branches:
Dungeon (10/15)            Temple (1/1) D:6            Lair (1/5) D:10
    Orc: D:9-12

Altars:
Ashenzari
Cheibriados
Dithmenos
Elyvilon
Fedhas
Gozag
Hepliaklqana
Kikubaaqudgha
Makhleb
Nemelex Xobeh
Okawaru
Qazlal
Ru
Trog
Uskayaw
Vehumet
Wu Jian
Xom
Yredelemnul
Zin
The Shining One

Annotations:
D:6 3 runed translucent doors, melvinkitnick's ghost, novice GrEE
D:10 3 runed translucent doors, anonim's ghost, novice OgDe


Innate Abilities, Weirdness & Mutations

You have razor-sharp teeth.
Your natural rate of healing is unusually fast.
When hurt, damage is shared between your health and your magic reserves.
Your bite disrupts and absorbs the magic of your enemies.
Potions cannot restore your health.


Message History

Aim: an eight-headed hydra (heavily wounded, chance to affect: 29%)
The eight-headed hydra easily resists.
A yak comes into view.
Kikubaaqudgha calls piteous wretches from the earth! 2 komodo dragons come into view.
The bullfrog hits the fungus.
The fungus begins to die.
The eight-headed hydra barely misses you.
The eight-headed hydra bites you!
The eight-headed hydra closely misses you.
The eight-headed hydra bites you but does no damage.
The eight-headed hydra bites you! x3; The eight-headed hydra bites you.
The helpless komodo dragon fails to defend itself.
You hit the komodo dragon but do no damage.
You bite the komodo dragon, but do no damage.
The komodo dragon is almost dead.
The bullfrog hits the fungus.
The eight-headed hydra bites you but does no damage.
The eight-headed hydra misses you.
The eight-headed hydra bites you but does no damage. x2
The eight-headed hydra barely misses you.
The eight-headed hydra bites you.
The eight-headed hydra bites you but does no damage.
The eight-headed hydra closely misses you.
The helpless komodo dragon fails to defend itself.
You hit the komodo dragon but do no damage.
You bite the komodo dragon, but do no damage.
The komodo dragon is almost dead.
A nearby komodo dragon perishes wretchedly. x2
The bullfrog hits the fungus. x2
A black bear comes into view.
The eight-headed hydra bites you!
* * * LOW HITPOINT WARNING * * *
The eight-headed hydra bites you!
* * * LOW HITPOINT WARNING * * *
The eight-headed hydra bites you but does no damage.
The eight-headed hydra closely misses you. x2
The eight-headed hydra bites you but does no damage.
The eight-headed hydra bites you!
You die...
Kikubaaqudgha rasps: "You have failed me!
Welcome... death!"

...... #..........#
. ..... #.........##
.. .... #.........#
... ... #..#......#
.. .. #.##.######
...#.#. ##..###
#...h##### #..##
#....####...##
######.FD@††...#
#........P#........#
#........####.......
.#.......# ##.....#
####.#.## ....##
##### #..P# #.## #.


You could see an eight-headed hydra, a black bear (wandering) and a bullfrog.

Vanquished Creatures
  A deep elf pyromancer (D:7)
  A cyclops (D:7)
  Joseph (D:8)
  A komodo dragon (Lair:1)
  2 trolls
  3 blink frogs (Lair:1)
  A vampire (D:10)
  3 shadows
  12 yaks
  A basilisk (D:10)
  3 wyverns
  2 steam dragons
  2 water moccasins (D:10)
  A sky beast (D:6)
  4 orc warriors
  An ogre (D:5)
  3 ice beasts
  A wolf (D:10)
  3 centaurs
  3 phantoms
  A kobold brigand (D:9)
  3 bullfrogs
  4 necrophages
  A scorpion (D:6)
  12 wights
  2 killer bees (D:10)
  3 howler monkeys (D:9)
  2 centaur zombies (D:6)
  2 hounds
  5 jellies
  4 orc priests
  8 iguanas
  15 orc wizards
  3 gnolls (D:7)
  10 adders
  An ufetubus (D:5)
  A worm (D:2)
  4 dart slugs
  32 orcs
  6 endoplasms
  5 giant cockroaches
  8 hobgoblins
  9 jackals
  15 kobolds
  2 quokkas
  8 ball pythons
  6 bats
  3 frilled lizards
  9 goblins
  A rat (D:3)
234 creatures vanquished.

Vanquished Creatures (collateral kills)
  Maurice (D:10)
  A cane toad (Lair:1)
  A kobold demonologist (D:10)
  A blink frog (Lair:1)
  6 yaks
  A wyvern (D:10)
  A basilisk (D:10)
  A water moccasin (D:10)
  2 black bears (D:10)
  A killer bee (D:10)
  2 orc priests (D:10)
  An orc wizard (D:10)
  A gnoll (D:7)
  2 orcs (D:10)
22 creatures vanquished.

Vanquished Creatures (others)
  2 komodo dragons (Lair:1)
  3 yaks
  3 orc warriors
  2 blink frog zombies (Lair:1)
  2 wyvern zombies (D:10)
  A komodo dragon zombie (Lair:1)
  A bullfrog (Lair:1)
  A water moccasin zombie (D:10)
  6 yak zombies
  A wolf zombie (D:10)
  A bullfrog zombie (Lair:1)
  A centaur zombie (D:9)
  A black bear zombie (D:10)
  2 orc wizards
  3 orc zombies
  An adder (D:8)
  2 orcs
  An endoplasm (D:8)
  An endoplasm zombie (D:8)
  4 fungi (D:10)
  5 plants (D:10)
44 creatures vanquished.

Grand Total: 300 creatures vanquished

Notes
Turn   | Place    | Note
-------+----------+-------------------------------------------
     0 | D:1      | Gwenloh the Vine Stalker Necromancer began the quest for
                  | the Orb.
     0 | D:1      | Reached XP level 1. HP: 9/9 MP: 4/4
   151 | D:1      | Reached XP level 2. HP: 12/13 MP: 0/6
   503 | D:1      | Found a faded altar of an unknown god.
   607 | D:1      | Reached XP level 3. HP: 17/17 MP: 2/7
   614 | D:1      | Learned a level 3 spell: Vampiric Draining
  1422 | D:2      | Gained mutation: Your natural rate of healing is unusually
                  | fast. [Vine Stalker growth]
  1422 | D:2      | Reached XP level 4. HP: 21/21 MP: 6/9
  1998 | D:3      | Reached skill level 1 in Fighting
  2271 | D:3      | Reached XP level 5. HP: 19/25 MP: 2/10
  2537 | D:3      | Learned a level 4 spell: Dispel Undead
  2684 | D:3      | Found a white marble altar of Elyvilon.
  2758 | D:3      | Found a radiant altar of Vehumet.
  2764 | D:3      | Found a hazy altar of Hepliaklqana.
  2769 | D:3      | Found a shimmering altar of Xom.
  2923 | D:4      | Found an iron altar of Okawaru.
  2972 | D:4      | Found a burning altar of Makhleb.
  3201 | D:4      | Reached XP level 6. HP: 30/30 MP: 12/12
  3205 | D:3      | Upgraded the game from 0.29.0-11-gd7f09526c8 to
                  | 0.29.0-13-gc9e81de378
  3220 | D:4      | Reached skill level 5 in Necromancy
  3487 | D:4      | Identified the +6 whip of Vanity {elec, Will+ rCorr Stlth+}
  3869 | D:5      | Entered Level 5 of the Dungeon
  3873 | D:5      | Reached XP level 7. HP: 35/35 MP: 14/14
  4404 | D:5      | Gained mutation: You have razor-sharp teeth. [Vine Stalker
                  | growth]
  4404 | D:5      | Reached XP level 8. HP: 39/39 MP: 16/16
  4415 | D:5      | Reached skill level 5 in Spellcasting
  4415 | D:5      | Reached skill level 6 in Necromancy
  4415 | D:5      | Found a hide-covered altar of Uskayaw.
  4423 | D:5      | Learned a level 5 spell: Agony
  4542 | D:5      | Found a stormy altar of Qazlal.
  4979 | D:6      | Reached skill level 5 in Stealth
  5135 | D:6      | Found a staircase to the Ecumenical Temple.
  5150 | Temple   | Entered the Ecumenical Temple
  5164 | Temple   | Became a worshipper of Kikubaaqudgha
  5392 | D:6      | Found a runed translucent gate.
  5392 | D:6      | Found a runed translucent gate.
  5392 | D:6      | Found a runed translucent gate.
  5392 | D:6      | Noticed melvinkitnick's ghost (novice GrEE)
  5394 | D:6      | Found a basalt altar of Yredelemnul.
  5521 | D:6      | Reached XP level 9. HP: 37/44 MP: 10/19
  5634 | D:6      | Reached skill level 7 in Necromancy
  5872 | D:7      | Noticed a deep elf pyromancer
  5878 | D:7      | Killed a deep elf pyromancer
  5879 | D:7      | Reached skill level 5 in Dodging
  6147 | D:7      | Found an ornate altar of the Wu Jian Council.
  6148 | D:7      | Found an opulent altar of Gozag.
  6326 | D:7      | Noticed a troll
  6336 | D:7      | Killed a troll
  6826 | D:7      | Reached skill level 8 in Necromancy
  7080 | D:7      | Found the +18 Lear's hauberk
  7206 | D:7      | Reached XP level 10. HP: 46/49 MP: 10/21
  7208 | D:7      | Reached * piety under Kikubaaqudgha
  7208 | D:7      | Received a gift from Kikubaaqudgha
  7214 | D:7      | Learned a level 4 spell: Animate Dead
  7219 | D:7      | Learned a level 4 spell: Anguish
  8082 | D:8      | Noticed Joseph
  8961 | D:8      | Found a bloodstained altar of Trog.
  9077 | D:8      | Killed Joseph
  9083 | D:8      | Found a glowing silver altar of Zin.
  9373 | D:9      | Upgraded the game from 0.29.0-13-gc9e81de378 to
                  | 0.29.0-15-g675c0067aa
  9416 | D:9      | Reached skill level 9 in Necromancy
  9542 | D:9      | Found a shadowy altar of Dithmenos.
  9776 | D:9      | Reached ** piety under Kikubaaqudgha
  9810 | D:9      | Reached skill level 5 in Fighting
 10094 | D:10     | Entered Level 10 of the Dungeon
 10130 | D:10     | Found a sparkling altar of Nemelex Xobeh.
 10144 | D:10     | Noticed a kobold demonologist
 10248 | D:10     | Reached XP level 11. HP: 55/55 MP: 19/24
 10300 | D:10     | Reached skill level 1 in Hexes
 10449 | D:10     | Found a staircase to the Lair.
 10827 | D:10     | Noticed Maurice
 10843 | D:10     | Killed Maurice
 11010 | D:10     | Found a runed translucent gate.
 11010 | D:10     | Found a runed translucent gate.
 11010 | D:10     | Found a runed translucent gate.
 11015 | D:10     | Noticed anonim's ghost (novice OgDe)
 11362 | Lair:1   | Entered Level 1 of the Lair of Beasts
 11370 | Lair:1   | Reached skill level 10 in Necromancy
 11645 | Lair:1   | Noticed an eight-headed hydra
 11662 | Lair:1   | Slain by an eight-headed hydra

Illustrated notes

Levels and vault maps discovered:
D:1:      eino_arrival_druids_welcome, layout_rooms,
          chequers_ecumenical_altar_simple_redux
D:2:      minmay_door_path, layout_basic, chequers_serial_rivers_marsh
D:3:      minmay_inner_zag, layout_basic, nicolae_elyvilon_temple_path,
          minmay_overflow_temple_star_quad
D:4:      layout_cave_pools, mainiacjoe_overflow_cross_hatched,
          amcnicky_altar_gilded
D:5:      layout_rooms, kennysheep_mini_moat, nicolae_uskayaw_suspiria
D:6:      layout_loops_ring, nicolae_yredelemnul_ghost_church,
          minmay_temple_entry_glassed_door, solitary_fountain
D:7:      layout_basic, nicolae_overflow_squiral, enter_bailey_3,
          hellmonk_guarded_unrand_lears
D:8:      layout_layer_cave, nzn_overflow_gifts_of_might_and_magic,
          zin_scriptorium, st_stairs_10, uniq_joseph
D:9:      layout_roguey, grunt_dithmenos_shadows
D:10:     layout_gridville, mainiacjoe_overflow_small_starburst,
          minmay_lair_entry_grove, ebering_ghost_rock_garden, uniq_maurice
Temple:   hellmonk_temple_rainy
Lair:1:   layout_cave_pods, uniq_erica, uniq_gastronok

Skill      XL: |  1  2  3  4  5  6  7  8  9 10 11 |
---------------+----------------------------------+-----
Dodging        | 2 3 4 5 7 8 |  8.0
Stealth        | 3 4 5 6 7 8 |  8.7
Fighting       | 1 2 3 4 5 |  5.8
Spellcasting   | 3 4 6 7 8 9 |  9.6
Necromancy     | 5 6 8 9 10 | 10.2
Hexes          | 3 |  3.0

Action                   |  1- 3 |  4- 6 |  7- 9 | 10-12 || total
-------------------------+-------+-------+-------+-------++-------
Melee: Unarmed           |     3 |       |       |       ||     3
       Short sword       |    38 |     1 |       |       ||    39
       Staff             |     1 |       |       |       ||     1
       Bite              |    16 |    23 |    28 |    67 ||   134
       Dagger            |       |    69 |    13 |       ||    82
       Punch             |       |     1 |     1 |     2 ||     4
       Whip              |       |     9 |   101 |   225 ||   335
Throw: Boomerang         |     4 |     5 |    16 |    11 ||    36
 Cast: Necrotise         |    40 |    41 |    39 |    16 ||   136
       Vampiric Draining |     2 |    11 |    17 |    40 ||    70
       Dispel Undead     |       |       |    15 |     9 ||    24
       Agony             |       |       |     1 |     1 ||     2
       Anguish           |       |       |       |    17 ||    17
       Animate Dead      |       |       |       |    15 ||    15
Invok: Unearth Wretches  |       |       |       |     4 ||     4
Evoke: Wand              |       |       |       |     6 ||     6
  Use: Potion            |       |     1 |       |       ||     1
       Scroll            |       |       |     9 |     2 ||    11
 Stab: Sleeping          |       |    12 |    13 |     1 ||    26
       Distracted        |       |     1 |       |       ||     1
       Paralysed         |       |       |       |     6 ||     6
Armor: Robe              |     9 |    22 |    40 |    92 ||   163
Dodge: Dodged            |    29 |    51 |    78 |   290 ||   448
